 Dungeon Crawl Stone Soup version 0.28-a0-863-g8cecda6153 (webtiles) character file.

Game seed: 17840715754629473887

209 siradein the Skirmisher (level 5, -1/42 HPs)
             Began as a Demonspawn Chaos Knight on Nov 17, 2021.
             Was a Plaything of Xom.
             Succumbed to a scorpion's poison
             ... on level 3 of the Dungeon.
             The game lasted 00:09:02 (3092 turns).

siradein the Skirmisher (Demonspawn Chaos Knight)   Turns: 3092, Time: 00:09:02

Health: -1/42      AC:  6    Str: 12    XL:     5   Next: 55%
Magic:  5/5        EV: 12    Int: 14    God:    Xom [...*..]
Gold:   66         SH:  4    Dex: 13    Spells: 4/4 levels left

rFire   . . .      SeeInvis .   d - +4 dire flail (chaos)
rCold   . . .      Faith    .   (shield currently unavailable)
rNeg    + . .      Spirit   .   h - +0 ring mail
rPois   .          Reflect  .   a - +0 helmet
rElec   .          Harm     .   (no cloak)
rCorr   .          Rampage  .   (no gloves)
Will    .....                   (no boots)
Stlth   +.........              (no amulet)
HPRegen 0.14/turn               j - ring of positive energy
MPRegen 0.09/turn               (no ring)

@: mighty, lethally poisoned (-1 -> -13)
A: sturdy frame 2, condensation shield
a: Renounce Religion


You were on level 3 of the Dungeon.
You worshipped Xom.
You were a favourite toy of Xom.
You visited 1 branch of the dungeon, and saw 4 of its levels.

You collected 66 gold pieces.

Inventory:

Hand Weapons
 d - a +4 dire flail of chaos (weapon)
Missiles
 f - 2 boomerangs (quivered)
 p - 29 poisoned darts
 r - 4 atropa-tipped darts
Armour
 a - a +0 helmet (worn)
 h - a +0 ring mail (worn)
Jewellery
 j - a ring of positive energy (left hand)
 k - a ring of wizardry
Wands
 i - a wand of polymorph (5)
 o - a wand of paralysis (14)
Scrolls
 b - a scroll of identify
 c - a scroll of blinking
 e - a scroll of brand weapon
 l - a scroll of noise {unknown}
 m - a scroll of enchant weapon {unknown}
 n - a scroll of torment {unknown}
 q - a scroll of summoning {unknown}


   Skills:
 + Level 4.1 Fighting
 + Level 3.7 Maces & Flails
 + Level 3.0 Armour
 + Level 2.4 Dodging


You had 4 spell levels left.
You didn't know any spells.
Your spell library contained the following spells:

 Spells                   Type           Power      Damage    Failure   Level
 Foxfire                  Conj/Fire      0%         2x1d4     32%         1
 Conjure Flame            Conj/Fire      0%         6-21      69%         3
 Ignite Poison            Fire/Tmut/Pois 0%         N/A       69%         3
 Inner Flame              Hex/Fire       0%         N/A       69%         3
 Flame Wave               Conj/Fire      0%         3d3       97%         4
 Sticky Flame             Conj/Fire      0%         2d3       97%         4
 Alistair's Intoxication  Tmut/Pois      0%         N/A       100%        5
 Conjure Ball Lightning   Conj/Air       0%         3x3d6     100%        6
 Malign Gateway           Summ/Tloc      0%         N/A       100%        7
 Orb of Destruction       Conj           0%         N/A       100%        7
 Summon Horrible Things   Summ           0%         N/A       100%        8
 Fire Storm               Conj/Fire      0%         5d1       100%        9


Dungeon Overview and Level Annotations

Branches:
Dungeon (4/15)
 Temple: D:4-7

Altars:
Xom

Shops:
D:2 (


Innate Abilities, Weirdness & Mutations

Your movements are less encumbered by armour. (ER -4)
A meltable shield of frost defends you. (SH +4)


Message History

No target in view!
There is an escape hatch in the floor here.
You see here a bat corpse.
Found a mace.
A scorpion is nearby!
A scorpion is nearby!
A scorpion is nearby!
The scorpion stings you.
You are poisoned.
The scorpion poisons you!
You hit the scorpion but do no damage.
You feel very sick. The scorpion stings you.
You are more poisoned.
The scorpion poisons you!
You closely miss the scorpion.
You feel very sick. The scorpion stings you. x2
You are lethally poisoned!
The scorpion poisons you!
You are too injured to fight recklessly!
You are too injured to fight recklessly!
You barely miss the scorpion.
* * * LOW HITPOINT WARNING * * *
You feel very sick. The scorpion stings you.
* * * LOW HITPOINT WARNING * * *
You sock the scorpion!
Space warps horribly around the scorpion!
You kill the scorpion!
* * * LOW HITPOINT WARNING * * *
You feel very sick.
Your Fighting skill increases to level 4!
Your Armour skill increases to level 3!
* * * LOW HITPOINT WARNING * * *
You feel very sick.
It was a potion of might.
You feel very mighty all of a sudden.
You die...
Xom chuckles heartily!

#.#####.##. #.# #.##.
#.# #.... #.# ####.
#.# ## #.# # #.# #
#.############.#
#....$.@..>..†.#
...)############# #
##.## ### ##...##
##.## ##.....###....
########.....>.###.##
...................#
########..>....#####
##..(..##


There were no monsters in sight!

Vanquished Creatures
  A scorpion (D:3)
  Robin (D:2)
  3 adders
  4 gnolls
  2 worms
  A dart slug (D:2)
  An orc (D:2)
  8 ball pythons
  9 bats
  2 endoplasms (D:2)
  4 giant cockroaches
  9 goblins
  10 hobgoblins
  8 kobolds
  2 quokkas (D:3)
  4 rats
69 creatures vanquished.

Vanquished Creatures (collateral kills)
  A ball python (D:2)
1 creature vanquished.

Grand Total: 70 creatures vanquished

Notes
Turn   | Place    | Note
-------+----------+-------------------------------------------
     0 | D:1      | siradein the Demonspawn Chaos Knight began the quest for
                  | the Orb.
     0 | D:1      | Reached XP level 1. HP: 18/18 MP: 1/1
    81 | D:1      | XOM: potion effect (heal wounds)
    87 | D:1      | Reached skill level 1 in Dodging
   163 | D:1      | XOM is BORED!
   163 | D:1      | XOM: silly message
   203 | D:1      | Gained mutation: A meltable shield of frost defends you.
                  | (SH +4) [demonic ancestry]
   203 | D:1      | Reached XP level 2. HP: 23/24 MP: 2/2
   281 | D:1      | XOM: scenery: create altars
   639 | D:1      | Found a faded altar of an unknown god.
   947 | D:1      | XOM: fake destruction
  1023 | D:1      | Gained mutation: Your movements are slightly less
                  | encumbered by armour. (ER -2) [demonic ancestry]
  1023 | D:1      | Reached XP level 3. HP: 18/29 MP: 3/3
  1216 | D:1      | XOM: cloud trail
  1236 | D:1      | XOM: god gift: +4 dire flail of chaos
  1434 | D:2      | Reached XP level 4. HP: 35/35 MP: 4/4
  1466 | D:2      | Found Nishi's Weapon Shoppe.
  1471 | D:2      | You fall into a shaft and drop 2 floors!
  1623 | D:3      | XOM: god gift: Urucvefu's Disquisition on Venom and
                  | Conjuration {god gift}
  1624 | D:3      | Got Urucvefu's Disquisition on Venom and Conjuration {god
                  | gift}
  1718 | D:2      | Noticed Robin
  1973 | D:2      | Killed Robin
  2133 | D:2      | XOM: scenery: summon butterflies
  2642 | D:2      | XOM: polymorph kobold -> orc
  2645 | D:2      | Gained mutation: Your movements are less encumbered by
                  | armour. (ER -4) [demonic ancestry]
  2645 | D:2      | Reached XP level 5. HP: 42/42 MP: 5/5
  2921 | D:3      | XOM: polymorph ball python -> bat
  2962 | D:3      | XOM: noise
  3091 | D:3      | Reached skill level 4 in Fighting
  3091 | D:3      | HP: 2/42 [poisoned by a scorpion]
  3092 | D:3      | Succumbed to a scorpion's poison

Illustrated notes

Levels and vault maps discovered:
D:1:      lemuel_arrival_tunnels, layout_rooms,
          hellmonk_ecumenical_altar_inner_sanctum, dk_noncrumbling_2
D:2:      minmay_angry_zag, layout_loops_ring, serial_shops,
          nicolae_shop_crystal, minmay_stone_trees_medium,
          palyth_stone_intersect, grunt_decor_fettered, uniq_robin
D:3:      layout_loops_ring, corner_web_ring
D:4:      layout_loops_corners, kennysheep_flooded_box

Skill      XL: |  1  2  3  4  5 |
---------------+----------------+-----
Dodging        | 1 2 |  2.4
Armour         | 2 3 |  3.0
Maces & Flails | 3 |  3.7
Fighting       | 4 |  4.1

Action                   |  1- 3 |  4- 6 || total
-------------------------+-------+-------++-------
Melee: Mace              |    96 |       ||    96
       Flail             |     8 |       ||     8
       Dire flail        |     7 |    96 ||   103
  Use: Scroll            |     2 |       ||     2
       Potion            |       |     2 ||     2
 Stab: Invisible         |       |     3 ||     3
Armor: Leather armour    |    75 |       ||    75
       Ring mail         |     2 |    32 ||    34
Dodge: Dodged            |   102 |    60 ||   162
Block: Other             |    36 |    16 ||    52

Table legend: (Time is in decaauts)
 A = Elapsed time spent in this place.
 B = Non-inter-level travel time spent in this place.
 C = Inter-level travel time spent in this place.
 D = Time resting spent in this place.
 E = Time spent auto-exploring this place.
 F = Levels seen in this place.
 G = Mean time per level.
                   A        B        C        D        E       F      G
               +--------+--------+--------+--------+--------+-----+--------+
         Total |   3133 |   3098 |     35 |    482 |   2014 |   4 |  783.2 |
       Dungeon |   3133 |   3098 |     35 |    482 |   2014 |   4 |  783.2 |
               +--------+--------+--------+--------+--------+-----+--------+

Top non-repeatable levels by time:
     D:1: 1439 daAuts
     D:2: 1097 daAuts
     D:3: 575 daAuts
     D:4: 21 daAuts
